 Dungeon Crawl Stone Soup version 0.22.1-2-g9c5b331 (webtiles) character file.

391 Larett the Cleaver (level 6, 0/51 HPs)
             Began as a Minotaur Berserker on Nov 13, 2018.
             Was a Believer of Trog.
             Slain by an orc
             ... wielding a +0 whip
              (5 damage)
             ... on level 3 of the Dungeon.
             The game lasted 00:07:59 (2231 turns).

Larett the Cleaver (Minotaur Berserker)             Turns: 2231, Time: 00:07:59

Health: 0/51       AC:  9    Str: 26    XL:     6   Next: 50%
Magic:  5/5        EV: 11    Int:  4    God:    Trog [**....]
Gold:   75         SH:  3    Dex: 11    Spells: 5/5 levels left

rFire    . . .     SeeInvis .   a - +2 hand axe (flame)
rCold    . . .     Gourm    .   M - +0 buckler
rNeg     . . .     Faith    .   P - +3 leather armour
rPois    .         Spirit   .   (helmet restricted)
rElec    .         Reflect  .   R - +2 cloak
rCorr    .         Harm     .   (no gloves)
MR       .....                  (no boots)
Stlth    +.........             (no amulet)
HPRegen  0.17/turn              i - +4 ring of strength
MPRegen  0.09/turn              l - ring of flight

@: slowed, very slow
A: retaliatory headbutt, horns 2
a: Berserk, Trog's Hand, Renounce Religion, Evoke Flight


You were on level 3 of the Dungeon.
You worshipped Trog.
Trog was pleased with you.
You were not hungry.

You visited 1 branch of the dungeon, and saw 3 of its levels.

You collected 75 gold pieces.

Inventory:

Hand Weapons
 a - a +2 hand axe of flaming (weapon)
 b - a +0 hunting sling
 s - a +0 hunting sling
 K - a +0 war axe
 W - a +1 antimagic scythe
 Y - a cursed -1 dagger
Missiles
 d - 126 stones (quivered)
 u - 22 bolts
 L - 7 needles of sleeping
 N - 17 sling bullets
 X - 21 arrows
Armour
 M - a +0 buckler (worn)
 P - a +3 leather armour (worn)
 R - a +2 cloak (worn)
Jewellery
 i - a +4 ring of strength (left hand)
 l - a ring of flight (right hand)
Scrolls
 O - a scroll of remove curse
 T - a scroll of random uselessness {unknown}
Potions
 g - 2 potions of flight
 m - a potion of lignification {unknown}
 o - a potion of resistance {unknown}
 t - a potion of invisibility {unknown}
 v - a potion of berserk rage
 Q - 2 potions of curing
 U - a potion of heal wounds {unknown}
 V - a potion of magic {unknown}
 Z - a potion of might {unknown}
Comestibles
 c - 5 rations
 S - 5 chunks of flesh


   Skills:
 - Level 3.6 Fighting
 * Level 8.5(8.7) Axes
 + Level 2.3(5.8) Polearms
 - Level 2.4 Armour
 - Level 2.1 Dodging


You had 5 spell levels left.
You didn't know any spells.
Your spell library was empty.

Dungeon Overview and Level Annotations

Branches:
Dungeon (3/15)

Altars:
Ru

Annotations:
D:1 need digging


Innate Abilities, Weirdness & Mutations

You reflexively headbutt those who attack you in melee.
You have a pair of horns on your head.


Message History

You are too injured to fight recklessly!
You are too injured to fight recklessly!
You hit the orc. You burn the orc.
The orc is severely wounded.
The orc hits you with a war axe!
* * * LOW HITPOINT WARNING * * *
You hit the orc. You burn the orc.
You kill the orc!
Trog accepts your kill. The orc barely misses you. The orc closely misses you.
You furiously retaliate!
You headbutt the orc, but do no damage. You closely miss the orc.
The orc closely misses you. You furiously retaliate!
You headbutt the orc, but do no damage.
The orc priest mumbles some strange prayers to Beogh against you.
Beogh smites you!
* * * LOW HITPOINT WARNING * * *
You hit the orc. You burn the orc.
The orc is lightly wounded.
The orc hits you with a whip.
You die...

###.#....### .###
#........... ...
#...#......####.#
.......###.....###
.......# #.......#
##.###)###.###.#.#
#.# #.....# #.#.#
#.# #.#.### #.#.#
#.# #....# #.#@#
#.# ###..# #.#o#
#..# #.#o# #..#
#.#oo #..# #.#.o
.... #... .....
.... #...# #....
#...#


You could see 2 orc priests, an orc wizard and 2 orcs.

Vanquished Creatures
  Sigmund (D:2)
  Crazy Yiuf (D:2)
  An orc priest (D:3)
  2 orc wizards (D:3)
  Jessica (D:2)
  An adder (D:3)
  An ooze (D:2)
  2 dart slugs (D:1)
  2 leopard geckos
  6 orcs (D:3)
  4 giant cockroaches (D:1)
  5 goblins
  8 hobgoblins
  2 jackals (D:3)
  8 kobolds
  A ball python (D:2)
  5 bats
  5 frilled lizards
  6 rats
62 creatures vanquished.

Notes
Turn   | Place    | Note
-------+----------+-------------------------------------------
     0 | D:1      | Larett the Minotaur Berserker began the quest for the Orb.
     0 | D:1      | Reached XP level 1. HP: 19/19 MP: 0/0
    81 | D:1      | Reached skill level 4 in Axes
   202 | D:1      | Reached XP level 2. HP: 26/26 MP: 1/1
   595 | D:1      | Reached skill level 5 in Axes
   696 | D:1      | Reached XP level 3. HP: 31/31 MP: 2/2
   753 | D:1      | Reached ** piety under Trog
  1294 | D:2      | Noticed Sigmund
  1304 | D:2      | Killed Sigmund
  1304 | D:2      | Reached skill level 7 in Axes
  1304 | D:2      | Reached XP level 4. HP: 39/39 MP: 3/3
  1304 | D:2      | Reached XP level 5. HP: 45/45 MP: 4/4
  1447 | D:2      | Found a sacrificial altar of Ru.
  1523 | D:2      | Noticed Jessica
  1533 | D:2      | Killed Jessica
  1533 | D:2      | Reached skill level 1 in Polearms
  1564 | D:2      | Found a runed door.
  1570 | D:2      | Noticed Crazy Yiuf
  1578 | D:2      | Killed Crazy Yiuf
  1578 | D:2      | Reached skill level 8 in Axes
  1578 | D:2      | Reached XP level 6. HP: 31/51 MP: 5/5
  2230 | D:3      | HP: 5/51 [orc priest/divine providence (11)]
  2231 | D:3      | Slain by an orc

Skill      XL: |  1  2  3  4  5  6 |
---------------+-------------------+-----
Axes           | 4 5 7 8 |  8.5
Polearms       | 1 2 |  2.3
Fighting       | |  3.6
Armour         | |  2.4
Dodging        | |  2.1

Action                   |  1- 3 |  4- 6 || total
-------------------------+-------+-------++-------
Melee: Hand axe          |    53 |    67 ||   120
       Headbutt          |    12 |    10 ||    22
 Fire: Hunting sling     |     5 |       ||     5
Invok: Trog's Hand       |     1 |     2 ||     3
       Berserk           |     1 |       ||     1
  Use: Scroll            |     5 |     4 ||     9
  Eat: Chunk             |     1 |     5 ||     6
Armor: Animal skin       |     3 |       ||     3
       Ring mail         |     7 |    13 ||    20
       Leather armour    |       |     4 ||     4
Dodge: Dodged            |    38 |    35 ||    73
Block: Buckler           |       |     2 ||     2
